 Dungeon Crawl Stone Soup version 0.24.1 (webtiles) character file.

Game seed: 3933422225620611899, levelgen mode: deterministic

10871 funkygono the Destroyer (level 11, 0/89 HPs)
             Began as a Green Draconian Conjurer on Mar 25, 2020.
             Was a Priest of Vehumet.
             Killed by vampiric draining
             ... invoked by a vampire
              (8 damage)
             ... on level 10 of the Dungeon on Mar 26, 2020.
             The game lasted 00:40:47 (12116 turns).

funkygono the Destroyer (Green Draconian Conjurer) Turns: 12116, Time: 00:40:56

Health: 0/89       AC: 12    Str: 16    XL:     11   Next: 41%
Magic:  4/23       EV: 16    Int: 18    God:    Vehumet [***...]
Gold:   747        SH:  0    Dex: 15    Spells: 14/26 levels left

rFire    + . .     SeeInvis +   v - +0 quarterstaff
rCold    . . .     Gourm    .   (shield currently unavailable)
rNeg     . . .     Faith    .   (armour unavailable)
rPois    +         Spirit   .   (helmet restricted)
rElec    .         Reflect  .   A - +1 cloak
rCorr    .         Harm     .   w - +2 pair of gloves {archery}
MR       .....                  (no boots)
Stlth    ++++......             e - amulet of regeneration
HPRegen  0.64/turn              j - +3 ring of dexterity
MPRegen  0.18/turn              c - ring "Dudd" {rF+ Str+5 SInv Stlth+}

@: no status effects
A: breathe noxious fumes, unfitting armour, poison resistance, cold-blooded, AC
+7
a: Breathe Noxious Fumes, Renounce Religion


You were on level 10 of the Dungeon.
You worshipped Vehumet.
Vehumet was most pleased with you.
You were not hungry.

You visited 2 branches of the dungeon, and saw 12 of its levels.

You collected 747 gold pieces.

Inventory:

Hand Weapons
 q - a +0 flail of protection
 v - a +0 quarterstaff (weapon)
Missiles
 h - 304 stones (quivered)
Armour
 w - a +2 pair of gloves of archery (worn)
 A - a +1 cloak (worn)
Jewellery
 c - the ring "Dudd" (right hand) {rF+ Str+5 SInv Stlth+}
   (You acquired it on level 6 of the Dungeon)

   [ring of see invisible]

   It affects your strength (+5).
   It protects you from fire.
   It lets you see invisible.
   It makes you more stealthy.
 e - an amulet of regeneration (around neck)
 g - an uncursed ring of fire
 i - an uncursed amulet of faith
 j - a +3 ring of dexterity (left hand)
 u - an uncursed ring of flight
Wands
 s - a wand of paralysis (7)
Scrolls
 f - 9 scrolls of remove curse
 l - 3 scrolls of teleportation
 x - 3 scrolls of magic mapping
 y - a scroll of fog
 z - 6 scrolls of identify
Potions
 a - a potion of agility
 k - a potion of haste
 n - a potion of berserk rage {unknown}
 o - a potion of invisibility
 r - 4 potions of mutation
 t - a potion of might {unknown}
 C - a potion of resistance {unknown}
Comestibles
 b - 24 rations
 B - 5 chunks of flesh


   Skills:
 + Level 5.7 Fighting
 + Level 8.5(8.7) Maces & Flails
 + Level 2.8(6.1) Staves
 + Level 6.7 Dodging
 + Level 4.2 Stealth
 + Level 8.1 Spellcasting
 + Level 9.7 Conjurations
 + Level 1.2 Fire Magic
 + Level 1.1 Earth Magic


You had 14 spell levels left.
You knew the following spells:

 Your Spells              Type           Power        Failure   Level  Hunger
a - Magic Dart            Conj           ####         1%          1    None
b - Searing Ray           Conj           #####.       1%          2    None
c - Iskenderun's Mystic   Conj           #####...     1%          4    ###....
d - Sandblast             Erth           ##....       1%          1    None
e - Flame Tongue          Conj/Fire      ####.        1%          1    None
f - Stone Arrow           Conj/Erth      ####..       1%          3    #......

Your spell library contained the following spells:

 Spells                   Type           Power        Failure   Level  Hunger
 Sticky Flame             Conj/Fire      ####....     2%          4    ###....
 Shock                    Conj/Air       ###.         1%          1    None
 Dazzling Spray           Conj/Hex       ###...       1%          3    #......
 Static Discharge         Conj/Air       ###.....     1%          3    #......
 Force Lance              Conj/Tloc      ###.....     3%          4    ###....
 Fulminant Prism          Conj/Hex       ###.......   3%          4    ###....
 Lightning Bolt           Conj/Air       ###.......   10%         5    #####..
 Swiftness                Chrm/Air       #.......     14%         2    None
 Airstrike                Air            #.........   24%         4    ###....


Dungeon Overview and Level Annotations

Branches:
Dungeon (11/15)            Temple (1/1) D:5
   Lair: D:8-11         Orc: D:9-12

Altars:
Ashenzari
Cheibriados
Dithmenos
Elyvilon
Fedhas
Gozag
Hepliaklqana
Kikubaaqudgha
Makhleb
Nemelex Xobeh
Okawaru
Qazlal
Ru
Sif Muna
Trog
Uskayaw
Vehumet
Wu Jian
Xom
Yredelemnul
Zin
The Shining One

Shops:
D:4 :

Annotations:
D:4 Grinder


Innate Abilities, Weirdness & Mutations

You can breathe blasts of noxious fumes.
Your lurid green scales are hard. (AC +7)
You cannot fit into any form of body armour.
Your system is resistant to poisons. (rPois)
You are cold-blooded and may be slowed by cold attacks.


Message History

* * * LOW HITPOINT WARNING * * *
The vampire closely misses you.
The searing ray hits the vampire!!
The vampire is almost destroyed.
You finish channeling your searing ray.
The vampire is infused with unholy energy.
* * * LOW HITPOINT WARNING * * *
The vampire draws life force from you and is healed!
It was a potion of invisibility.
You fade into invisibility!
The vampire hits you but does no damage.
The vampire misses you.
You are very lightly contaminated with residual magic.
It was a potion of cancellation.
Your magical effects are unravelling.
You feel magically purged.
Your magical contamination has completely faded away.
You flicker back into view.
You feel a little less clever now.
The vampire is infused with unholy energy.
You die...

#.## ## #..# ..V
##.# .... #.#
..... #.#
####......
####.####..'......
#.......%.##......
#..###V##### .....
.... #@# .... ###
#.# ... #.# ## #.#
#.# #># #+#


You could see a vampire (invisible).

Vanquished Creatures
  Erolcha (D:9)
  Harold (D:7)
  A hydra (D:8)
  A two-headed ogre (D:9)
  A deep elf mage (D:9)
  Joseph (D:7)
  Psyche (D:8)
  A troll (D:10)
  Prince Ribbit (D:7)
  A hornet (D:9)
  2 dream sheep (D:8)
  A hippogriff (D:8)
  12 yaks
  Duvessa (D:7)
  4 orc warriors
  An ice beast (D:10)
  A black bear (D:8)
  2 necrophages
  2 ogres
  A phantom (D:5)
  3 centaurs
  3 big kobolds (D:8)
  4 bullfrogs
  Blork the orc (D:6)
  Dowan (D:7)
  A wyvern skeleton (D:9)
  2 scorpions
  A water moccasin skeleton (D:9)
  6 killer bees
  5 wights (D:7)
  6 crimson imps
  A quasit (D:6)
  A jelly (D:6)
  6 hounds
  4 orc priests
  3 centaur zombies
  12 orc wizards
  2 centaur skeletons
  An iguana (D:9)
  2 worker ants
  2 worker ant zombies
  6 gnolls
  2 howler monkey skeletons
  14 adders
  A shadow imp (D:7)
  An adder zombie (D:9)
  An adder skeleton (D:4)
  2 worms (D:2)
  4 dart slugs
  6 leopard geckos
  43 orcs
  A giant cockroach (D:4)
  3 goblins
  6 hobgoblins
  13 jackals
  8 kobolds
  7 quokkas
  3 ball pythons
  12 bats
  3 frilled lizards
  A jackal zombie (D:7)
  7 rats
248 creatures vanquished.

Notes
Turn   | Place    | Note
-------+----------+-------------------------------------------
     0 | D:1      | funkygono the Draconian Conjurer began the quest for the
                  | Orb.
     0 | D:1      | Reached XP level 1. HP: 14/14 MP: 3/3
   370 | D:1      | Reached XP level 2. HP: 20/20 MP: 1/5
   425 | D:1      | Learned a level 2 spell: Searing Ray
  1046 | D:2      | Reached XP level 3. HP: 26/26 MP: 4/6
  1566 | D:2      | Reached skill level 5 in Conjurations
  1641 | D:2      | Found a sparkling altar of Nemelex Xobeh.
  1675 | D:2      | Reached XP level 4. HP: 9/33 MP: 0/7
  1892 | D:2      | Learned a level 4 spell: Iskenderun's Mystic Blast
  2022 | D:2      | Found a blossoming altar of Fedhas.
  2971 | D:3      | Reached XP level 5. HP: 18/38 MP: 0/9
  3516 | D:3      | Found a bloodstained altar of Trog.
  3790 | D:4      | Found Nihoshic's Book Boutique.
  3897 | D:4      | Reached skill level 1 in Maces & Flails
  4097 | D:4      | Found a white marble altar of Elyvilon.
  4099 | D:4      | Noticed Grinder
  4110 | D:4      | Reached XP level 6. HP: 46/46 MP: 5/10
  4164 | D:4      | Found an ancient bone altar of Kikubaaqudgha.
  4280 | D:4      | Found an opulent altar of Gozag.
  4365 | D:4      | Found a shadowy altar of Dithmenos.
  4616 | D:5      | Entered Level 5 of the Dungeon
  4630 | D:5      | Reached skill level 1 in Fighting
  5016 | D:5      | Your scales start taking on a lurid green colour.
  5016 | D:5      | Reached XP level 7. HP: 52/52 MP: 6/12
  5016 | D:5      | Gained mutation: Your system is resistant to poisons.
                  | (rPois) [Green Draconian growth]
  5244 | D:5      | Reached skill level 6 in Conjurations
  5298 | D:5      | Found a staircase to the Ecumenical Temple.
  5752 | D:6      | Noticed Blork the orc
  5764 | D:6      | Killed Blork the orc
  5941 | Temple   | Entered the Ecumenical Temple
  6065 | Temple   | Became a worshipper of Vehumet
  6209 | D:6      | Reached XP level 8. HP: 48/61 MP: 1/14
  6868 | D:6      | Found an iron altar of Okawaru.
  6971 | D:6      | Found a sacrificial altar of Ru.
  6983 | D:6      | Reached skill level 5 in Maces & Flails
  7156 | D:6      | Found a burning altar of Makhleb.
  7158 | D:6      | Found a hide-covered altar of Uskayaw.
  7366 | D:6      | Identified a scroll of acquirement
  7370 | D:6      | Got a vibrating golden ring
  7372 | D:6      | Identified the ring "Dudd" {rF+ Str+5 SInv Stlth+} (You
                  | acquired it on level 6 of the Dungeon)
  7580 | D:7      | Reached * piety under Vehumet
  7580 | D:7      | Offered knowledge of Sandblast by Vehumet.
  7583 | D:7      | Learned a level 1 spell: Sandblast
  7613 | D:7      | Noticed Duvessa
  7623 | D:7      | Noticed Dowan
  7626 | D:7      | Killed Duvessa
  7626 | D:7      | Reached skill level 5 in Spellcasting
  7626 | D:7      | Reached skill level 7 in Conjurations
  7636 | D:7      | Killed Dowan
  7978 | D:7      | Found a basalt altar of Yredelemnul.
  8005 | D:7      | Noticed Prince Ribbit
  8020 | D:7      | Killed Prince Ribbit
  8020 | D:7      | Reached XP level 9. HP: 69/69 MP: 8/17
  8301 | D:7      | Noticed Joseph
  8315 | D:7      | Killed Joseph
  8503 | D:7      | Found a glowing golden altar of the Shining One.
  8511 | D:7      | Noticed an angel
  8646 | D:7      | Found a shimmering blue altar of Sif Muna.
  8731 | D:7      | Noticed Harold
  8767 | D:7      | Killed Harold
  8767 | D:7      | Reached skill level 8 in Conjurations
  9017 | D:8      | Reached skill level 5 in Dodging
  9066 | D:8      | Noticed Psyche
  9090 | D:8      | Reached ** piety under Vehumet
  9104 | D:8      | Paralysed by Psyche for 5 turns
  9110 | D:8      | Killed Psyche
  9110 | D:8      | Reached XP level 10. HP: 44/78 MP: 1/20
  9260 | D:8      | Offered knowledge of Flame Tongue by Vehumet.
  9263 | D:8      | Learned a level 1 spell: Flame Tongue
  9451 | D:8      | Noticed a three-headed hydra
  9469 | D:8      | Killed a three-headed hydra
  9941 | D:9      | Offered knowledge of Stone Arrow by Vehumet.
  9946 | D:9      | Learned a level 3 spell: Stone Arrow
 10064 | D:9      | Reached skill level 5 in Fighting
 10092 | D:9      | Noticed Erolcha
 10103 | D:9      | Killed Erolcha
 10103 | D:9      | Reached skill level 9 in Conjurations
 10612 | D:9      | Noticed a two-headed ogre
 10626 | D:9      | Killed a two-headed ogre
 10626 | D:9      | Reached skill level 1 in Fire Magic
 10626 | D:9      | Reached skill level 1 in Earth Magic
 10626 | D:9      | Reached XP level 11. HP: 34/87 MP: 7/22
 10750 | D:9      | Reached *** piety under Vehumet
 10809 | D:9      | Noticed a sixfirhy
 10949 | D:9      | Paralysed by a hornet for 1 turns
 11243 | D:9      | Noticed a deep elf mage
 11263 | D:9      | Killed a deep elf mage
 11263 | D:9      | Reached skill level 1 in Staves
 11511 | D:9      | You fall into a shaft and drop 2 floors!
 11547 | D:10     | Entered Level 10 of the Dungeon
 11556 | D:11     | Offered knowledge of Sticky Flame by Vehumet.
 12116 | D:10     | Killed from afar by a vampire

Levels and vault maps discovered:
D:1:      ncdulo_lavacross, layout_loops_ring
D:2:      layout_basic, lemuel_crystal_altar, ebering_dispersal_statue_hall,
          minmay_misc_feat_rows, minmay_misc_feat_plants, fedhas_altar_1
D:3:      layout_rooms, bloody_trog
D:4:      layout_cave_pools, nicolae_gozag_seed_capital, old_standard_altar,
          grunt_temple_overflow_open, serial_shops, shop_coins, serial_rivers,
          chequers_serial_rivers_small_b, chequers_serial_rivers_small_b,
          chequers_serial_rivers_large_a, chequers_serial_rivers_micro_b,
          uniq_grinder
D:5:      layout_basic, minmay_temple_entry_from_below_a, first_ration
D:6:      minmay_angry_zag, layout_loops_cross, lemuel_round_altar,
          kennysheep_mini_moat, minitemple, nicolae_underground_beach,
          uniq_blork_the_orc
D:7:      layout_loops_ring, grunt_temple_overflow_holy_war, led_sif_book,
          uniq_joseph, uniq_harold, uniq_prince_ribbit1, uniq_duvessa
D:8:      layout_rooms, hangedman_ranch [blue_anna_fruit_fields], uniq_psyche
D:9:      layout_loops_corners, minmay_fractal_squares_gapless_7, uniq_erolcha
D:10:     layout_roguey, lair_entry_dummy
D:11:     layout_long_grid, orc_0_dummy, uniq_grum, uniq_sonja
Temple:   nicolae_temple_figure_zero

Skill      XL: |  1  2  3  4  5  6  7  8  9 10 11 |
---------------+----------------------------------+-----
Stealth        | 2 3 4 |  4.2
Dodging        | 2 3 4 5 6 |  6.7
Conjurations   | 5 6 7 8 9 |  9.7
Spellcasting   | 3 4 5 6 7 8 |  8.1
Maces & Flails | 1 2 4 5 6 8 |  8.5
Fighting       | 1 2 3 4 5 |  5.7
Fire Magic     | 1 |  1.2
Earth Magic    | 1 |  1.1
Staves         | 2 |  2.8

Action                   |  1- 3 |  4- 6 |  7- 9 | 10-12 || total
-------------------------+-------+-------+-------+-------++-------
Melee: Unarmed           |     9 |       |       |       ||     9
       Club              |    24 |    45 |       |       ||    69
       Tailslap          |     5 |     8 |    19 |    27 ||    59
       Flail             |       |    33 |   147 |    95 ||   275
       Quarterstaff      |       |       |       |    53 ||    53
 Cast: Magic Dart        |    55 |    82 |   115 |    88 ||   340
       Searing Ray       |     6 |    11 |    38 |    47 ||   102
       Iskenderun's Myst |       |     4 |     5 |     9 ||    18
       Flame Tongue      |       |       |       |    34 ||    34
       Stone Arrow       |       |       |       |     5 ||     5
       Sandblast         |       |       |       |     5 ||     5
 Abil: Breathe Noxious F |       |       |     2 |     1 ||     3
  Use: Scroll            |     5 |     7 |     7 |     1 ||    20
       Potion            |       |     1 |     3 |     6 ||    10
 Stab: Sleeping          |     1 |       |       |       ||     1
       Confused          |       |       |     1 |       ||     1
  Eat: Chunk             |     3 |    13 |    11 |    11 ||    38
       Ration            |       |       |     1 |       ||     1
Armor: Skin              |    14 |    34 |   111 |    84 ||   243
Dodge: Dodged            |    34 |    73 |   177 |   239 ||   523
